 Dungeon Crawl Stone Soup version 0.29.1-2-gbd0b4ee654 (webtiles) character file.

Game seed: 9539165081409872740

912 llahlahkje the Poker (level 7, -11/67 HPs)
             Began as a Troll Berserker on Oct 28, 2022.
             Was an Elder of Trog.
             Mangled by an ogre
             ... wielding a +0 giant spiked club
              (32 damage)
             ... on level 5 of the Dungeon.
             The game lasted 00:17:30 (3117 turns).

llahlahkje the Poker (Troll Berserker)              Turns: 3117, Time: 00:17:31

Health: -11/67     AC:  5    Str: 28    XL:     7   Next: 82%
Magic:  6/6        EV: 10    Int:  3    God:    Trog [****..]
Gold:   236        SH:  0    Dex:  9    Spells: 6/6 levels left

rFire   + . .      SeeInvis .     - Unarmed
rCold   . . .      Faith    .   (no shield)
rNeg    + . .      Spirit   .   a - +0 animal skin
rPois   .          Reflect  .   (helmet restricted)
rElec   .          Harm     .   l - +0 cloak
rCorr   .          Rampage  .   (gloves unavailable)
Will    ++...                   (boots unavailable)
Stlth   +.........              (no amulet)
HPRegen 2.01/turn               d - ring of protection from fire
MPRegen 0.10/turn               h - ring of positive energy

@: strong-willed, regenerating
A: large, unfitting armour, claws 3, regeneration 1, shaggy fur 1, tough skin 1
a: Renounce Religion, Berserk, Trog's Hand, Brothers in Arms


You were on level 5 of the Dungeon.
You worshipped Trog.
Trog was greatly pleased with you.
You visited 1 branch of the dungeon, and saw 5 of its levels.

You collected 236 gold pieces.

Inventory:

Hand Weapons
 c - a +2 mace of holy wrath
 g - a +1 halberd of protection
Missiles
 j - 4 curare-tipped darts (quivered)
Armour
 a - a +0 animal skin (worn)
 l - a +0 cloak (worn)
Jewellery
 d - a ring of protection from fire (left claw)
 h - a ring of positive energy (right claw)
Wands
 e - a wand of polymorph (22)
Scrolls
 f - 3 scrolls of teleportation
 i - a scroll of poison
 k - a scroll of blinking
 n - 2 scrolls of identify
 o - a scroll of fog
Potions
 m - a potion of might {unknown}


   Skills:
 - Level 3.0 Fighting
 * Level 6.2 Polearms
 + Level 0.3 Ranged Weapons
 - Level 3.1 Dodging
 - Level 4.4 Unarmed Combat


You had 6 spell levels left.
You didn't know any spells.
Your spell library contained the following spells:

 Spells                   Type           Power      Damage    Failure   Level
 Shock                    Conj/Air       0%         1d3       52%         1
 Swiftness                Air            0%         N/A       88%         3
 Airstrike                Air            0%         2d(0-16)  99%         4


Dungeon Overview and Level Annotations

Branches:
Dungeon (5/15)
 Temple: D:4-7

Altars:
Cheibriados
Makhleb
Qazlal
Ru
Wu Jian
The Shining One

Shops:
D:1 (


Innate Abilities, Weirdness & Mutations

You are too large for most types of armour.
You have claws for hands.
Your natural rate of healing is unusually fast.
You are covered in fur. (AC +1)
You have tough skin. (AC +1)


Message History

The iguana bites you!
You scratch the iguana.
You kill the iguana!
Trog accepts your kill.
You closely miss the quokka. The quokka barely misses you.
The gnoll misses you. The quokka closely misses you.
You closely miss the quokka.
The ogre hits you with a +0 giant spiked club!
The quokka bites you but does no damage.
The gnoll hits you from afar with a +0 halberd.
You barely miss the ogre.
The quokka bites you but does no damage.
The gnoll hits you from afar with a +0 halberd!
* * * LOW HITPOINT WARNING * * *
The ogre hits you with a +0 giant spiked club!
* * * LOW HITPOINT WARNING * * *
You feel better. The quokka closely misses you. The gnoll closely misses you.
Okay, then.
Your skin crawls.
You feel strong-willed.
The quokka bites you but does no damage.
The quokka misses you.
The gnoll hits you from afar with a +0 halberd.
* * * LOW HITPOINT WARNING * * *
You claw the quokka!
You kill the quokka!
Trog accepts your kill. The gnoll barely misses you.
You mangle the ogre!!
The ogre is severely wounded.
The ogre barely misses you.
You claw the ogre!
You kill the ogre!
Trog accepts your kill. The gnoll misses you.
Your Polearms skill increases to level 6!
You scratch the ogre.
The ogre is lightly wounded.
The ogre hits you with a +0 giant spiked club!!
You die...

#........#.#...... #.
.........#........ ##.
#.......##....... ...
#.....g.......... ...
#.<.....(......
...####.#.#.#.##..###
.#..[.......)g.g....#
....)##.#.#.####O#.....
###..##.....# #@# #..
......#.....####.##
............<.g....
.........##..##.?..
.)......###....#.#.#
......### ####......
......# ####..##
......# ... ......#


You could see an ogre and a gnoll.

Vanquished Creatures
  A black bear (D:4)
  An ogre (D:5)
  A centaur (D:5)
  A scorpion (D:4)
  A wight (D:5)
  An orc priest (D:3)
  A jelly (D:4)
  3 iguanas
  4 orc wizards
  Terence (D:3)
  Robin (D:3)
  10 gnolls
  3 adders
  An ufetubus (D:4)
  3 worms
  3 dart slugs
  8 orcs
  10 endoplasms
  5 giant cockroaches
  17 goblins
  6 hobgoblins
  6 jackals (D:2)
  5 quokkas
  8 ball pythons
  6 bats
  5 frilled lizards
  9 kobolds
  3 rats
124 creatures vanquished.

Vanquished Creatures (others)
  An orc wizard (D:4)
1 creature vanquished.

Grand Total: 125 creatures vanquished

Notes
Turn   | Place    | Note
-------+----------+-------------------------------------------
     0 | D:1      | llahlahkje the Troll Berserker began the quest for the Orb.
     0 | D:1      | Reached XP level 1. HP: 22/22 MP: 0/0
    78 | D:1      | Found Kuneseoff's Weapon Boutique.
    98 | D:1      | Reached XP level 2. HP: 29/29 MP: 1/1
   245 | D:1      | Reached XP level 3. HP: 35/36 MP: 2/2
   278 | D:1      | Reached ** piety under Trog
   654 | D:2      | Reached XP level 4. HP: 33/44 MP: 3/3
   990 | D:2      | Lost intelligence.
  1119 | D:2      | Found a faded altar of an unknown god.
  1450 | D:3      | Reached XP level 5. HP: 53/53 MP: 4/4
  1480 | D:3      | Noticed Robin
  1487 | D:3      | Reached *** piety under Trog
  1488 | D:3      | Reached skill level 1 in Polearms
  1493 | D:3      | Killed Robin
  1763 | D:3      | Noticed Terence
  1769 | D:3      | Killed Terence
  1870 | D:3      | Reached skill level 2 in Polearms
  1902 | D:3      | Reached skill level 3 in Polearms
  1902 | D:3      | Reached XP level 6. HP: 28/61 MP: 5/5
  2192 | D:4      | Reached skill level 4 in Polearms
  2337 | D:4      | Found a burning altar of Makhleb.
  2344 | D:4      | Reached **** piety under Trog
  2347 | D:4      | Found a sacrificial altar of Ru.
  2347 | D:4      | Found a snail-covered altar of Cheibriados.
  2354 | D:4      | Found an ornate altar of the Wu Jian Council.
  2355 | D:4      | Found a glowing golden altar of the Shining One.
  2359 | D:4      | Found a stormy altar of Qazlal.
  2527 | D:4      | Reached XP level 7. HP: 57/67 MP: 6/6
  2710 | D:4      | Reached skill level 5 in Polearms
  3044 | D:5      | Entered Level 5 of the Dungeon
  3107 | D:5      | HP: 2/67 [ogre/+0 giant spiked club (13)]
  3117 | D:5      | Reached skill level 6 in Polearms
  3117 | D:5      | Mangled by an ogre

Illustrated notes

Levels and vault maps discovered:
D:1:      dpeg_arrival_refuge, layout_basic, serial_shops, nicolae_square_shop
D:2:      minmay_inner_zag, layout_basic, nicolae_ecumenical_snake_handling,
          hangedman_decor_push, dk_noncrumbling_4
D:3:      layout_loops_corners, glass_columns_a, uniq_robin, uniq_terence
D:4:      minmay_spotlight, layout_loops_ring, minitemple, minivault_19,
          minmay_a_box_with_orc_wizards_in_it
D:5:      cheibrodos_fzero, layout_rooms, tgw_xom, kennysheep_generic_room_9

Skill      XL: |  1  2  3  4  5  6  7 |
---------------+----------------------+-----
Dodging        | 3 |  3.1
Unarmed Combat | 4 |  4.4
Fighting       | 3 |  3.0
Polearms       | 3 4 6 |  6.2
Ranged Weapons | |  0.3

Action                   |  1- 3 |  4- 6 |  7- 9 || total
-------------------------+-------+-------+-------++-------
Melee: Unarmed           |    92 |   189 |    63 ||   344
       Punch             |       |     3 |       ||     3
Invok: Berserk           |       |     1 |       ||     1
       Trog's Hand       |       |       |     1 ||     1
  Use: Scroll            |     2 |     8 |     1 ||    11
       Potion            |       |     5 |     2 ||     7
 Stab: Sleeping          |     1 |     1 |       ||     2
Armor: Animal skin       |    35 |    74 |    27 ||   136
Dodge: Dodged            |    61 |   112 |    22 ||   195
